Map: World of Sleepers LE

Players

derZERSTÖRER

  • Race: Terran Terran
  • League: Diamond
  • Spawn Location: 7:00

ZergisOP - Winner!

  • Race: Protoss Protoss
  • League: Diamond
  • Spawn Location: 1:00

VOD

Have the link to the VOD?

Description

Time

  • Played on: Jan. 27, 2020, 7:52 a.m.
  • Length: 7:23
Show
View Real Time Build Order
Export as new Build Order

derZERSTÖRER Terran 

Build Orders: Reaper Expand 

Get SALT Encoding   

  12  0:01  SCV  
  13  0:13  SCV  
  14  0:17  Supply Depot  
  14  0:25  SCV  
  15  0:38  SCV  
  15  0:39  Barracks  
  16  0:46  Refinery  
  16  0:50  SCV  
  17  1:02  SCV  
  18  1:14  SCV  
  19  1:30  Supply Depot  
  19  1:31  Reaper  
  20  1:35  Orbital Command  
  20  1:57  Command Center  
  20  2:04  SCV  
  21  2:13  Factory  
  21  2:18  Refinery  
  21  2:20  SCV  
  22  2:24  Barracks Reactor  
  22  2:32  SCV  
  23  2:44  SCV  
  24  2:56  Factory Tech Lab  
  24  3:05  Marine x2  
  26  3:07  SCV  
  26  3:08  Orbital Command  
  27  3:19  SCV  
  28  3:20  Siege Tank  
  28  3:22  Marine  
  28  3:23  Marine  
  33  3:32  SCV  
  34  3:34  SCV  
  35  3:44  SCV  
  35  3:46  SCV  
  37  3:51  Marine x2  
  37  3:52  Siege Tank  
  42  3:56  SCV  
  42  3:59  SCV  
  42  4:00  Command Center  
  44  4:05  Supply Depot x2  
  44  4:08  Marine, SCV  
  46  4:26  SCV x2, Marine, Siege Tank  
  52  4:38  SCV x2  
  52  4:41  Starport  
  52  4:42  Starport  
  54  4:46  Starport  
  54  4:47  Refinery  
  54  4:48  Refinery  
  54  4:50  SCV x2  
  56  5:00  Supply Depot  
  56  5:03  SCV  
  57  5:11  Bunker  
  57  5:21  Bunker  
  57  5:28  SCV x2  
  57  5:29  Starport Tech Lab x2, Siege Tank  
  57  5:30  Orbital Command, Starport Tech Lab  
  61  5:40  SCV x2  
  54  5:48  Banshee x2  
  54  5:52  SCV x2  
  54  5:56  Supply Depot  
  55  5:57  Bunker  
  55  5:59  Banshee  
  55  6:01  Supply Depot  
  55  6:02  Supply Depot  
  58  6:04  SCV  
  58  6:07  SCV x2  
  61  6:13  Marine x2  
  61  6:16  SCV  
  64  6:19  SCV  
  64  6:23  SCV  
  66  6:29  SCV  
  66  6:31  SCV  
  68  6:32  Banshee  
  68  6:35  SCV  
  71  6:41  Siege Tank  
  71  6:43  Marine x2  
  71  6:46  SCV x2  
  78  6:47  SCV  
  64  7:18  Starport Tech Lab  
Show
View Real Time Build Order
Export as new Build Order

ZergisOP Protoss - Winner!

Build Orders: 1 Gate Expand, Zealot Charge 

Get SALT Encoding   

  12  0:01  Probe  
  13  0:13  Probe  
  14  0:18  Pylon  
  14  0:26  Probe  
  15  0:40  Gateway  
  15  0:45  Probe  
  16  0:57  Probe  
  17  1:09  Probe  
  18  1:16  Nexus  
  18  1:27  Cybernetics Core  
  18  1:33  Assimilator  
  18  1:37  Assimilator  
  18  1:45  Pylon  
  18  2:07  Gateway  
  18  2:09  Stalker (Chrono Boost)  
  18  2:14  Forge  
  20  2:18  Probe  
  21  2:25  Warp Gate  
  21  2:30  Probe  
  22  2:42  Zealot (Chrono Boost)  
  24  2:47  Probe  
  25  2:59  Probe (Chrono Boost)  
  27  3:06  Probe (Chrono Boost)  
  27  3:10  Probe (Chrono Boost)  
  27  3:11  Twilight Council  
  28  3:14  Probe (Chrono Boost)  
  28  3:15  Probe (Chrono Boost)  
  30  3:25  Probe x2  
  32  3:27  Zealot  
  32  3:28  Zealot  
  36  3:35  Robotics Facility  
  36  3:43  Pylon  
  36  3:45  Protoss Ground Weapons Level 1 (Chrono Boost)  
  36  3:50  Charge (Chrono Boost)  
  36  3:56  Probe, Pylon  
  37  4:08  Probe  
  38  4:12  Gateway x2  
  38  4:20  Probe  
  38  4:23  Stalker  
  38  4:24  Zealot  
  43  4:32  Probe, Warp Prism  
  46  4:49  Zealot x2  
  50  4:53  Pylon  
  50  4:56  Gateway  
  50  5:08  Observer  
  51  5:24  Zealot x2  
  51  5:25  Zealot x2  
  59  5:29  Immortal  
  57  5:46  Zealot x3  
  57  5:47  Zealot  
  61  6:07  Gateway  
  61  6:09  Gateway  
  61  6:14  Zealot x3  
  61  6:15  Zealot  
  69  6:37  Pylon x2  
  69  6:38  Pylon  
  69  6:57  Stalker  
  69  7:00  Stalker  
  69  7:01  Stalker x3  
  73  7:11  Stalker x2  
Tags
 
Add a new tag
Caveats
  • Supply blocks, unpowered buildings, or Contaminate may cause inaccurate times.
  • Supply counts are checked every 10 seconds.